 Dungeon Crawl Stone Soup version 0.27.1 (webtiles) character file.

Game seed: 1753350209512541645

179 pkoi the Shield-Bearer (level 5, -4/47 HPs)
             Began as a Minotaur Fighter on Sept 2, 2021.
             Slain by an ogre (18 damage)
             ... on level 4 of the Dungeon.
             The game lasted 00:02:16 (2701 turns).

pkoi the Shield-Bearer (Minotaur Fighter)           Turns: 2701, Time: 00:02:17

Health: -4/47      AC:  8    Str: 22    XL:     5   Next: 33%
Magic:  4/4        EV:  7    Int:  5    God:
Gold:   59         SH:  9    Dex:  9    Spells: 4/4 levels left

rFire    . . .     SeeInvis .   a - +0 flail
rCold    . . .     Faith    .   c - +0 kite shield
rNeg     . . .     Spirit   .   b - +0 scale mail
rPois    .         Reflect  .   (helmet restricted)
rElec    .         Harm     .   (no cloak)
rCorr    .         Rampage  .   (no gloves)
Will     .....                  f - +0 pair of boots
Stlth    ..........             (no amulet)
HPRegen  0.15/turn              (no ring)
MPRegen  0.09/turn              (no ring)

@: no status effects
A: horns 2, retaliatory headbutt
a: no special abilities


You were on level 4 of the Dungeon.
You visited 1 branch of the dungeon, and saw 4 of its levels.

You collected 59 gold pieces.

Inventory:

Hand Weapons
 a - a +0 flail (weapon)
Armour
 b - a +0 scale mail (worn)
 c - a +0 kite shield (worn)
 f - a +0 pair of boots (worn)
Jewellery
 i - a ring of fire
Scrolls
 e - a scroll of identify
Potions
 d - a potion of might
 h - a potion of ambrosia
 j - a potion of haste {unknown}
 k - a potion of curing {unknown}


   Skills:
 + Level 4.8 Fighting
 + Level 3.9 Maces & Flails
 + Level 4.8 Armour
 + Level 4.8 Shields


You had 4 spell levels left.
You didn't know any spells.
Your spell library was empty.

Dungeon Overview and Level Annotations

Branches:
Dungeon (4/15)
 Temple: D:4-7

Altars:

Annotations:
D:2 Sigmund
D:4 Natasha


Innate Abilities, Weirdness & Mutations

You have a pair of horns on your head.
You reflexively headbutt those who attack you in melee.


Message History

A hobgoblin is nearby!
A hobgoblin is nearby!
You now have 59 gold pieces (gained 13).
A ball python comes into view.
The ball python hisses angrily.
You hit the hobgoblin.
The hobgoblin is moderately wounded.
An ogre comes into view. It is wielding a +0 giant spiked club.
You block the hobgoblin's attack.
You hit the hobgoblin.
You kill the hobgoblin!
You closely miss the ball python. Your headbutt misses the ball python.
The ball python bites you but does no damage.
The ball python grabs you. The ball python constricts you.
You hit the ball python.
The ball python is severely wounded.
You block the ball python's attack. The ball python constricts you.
The ball python bites you. The ball python constricts you.
The ogre hits you with a +0 giant spiked club.
Your shield and scale mail prevent you from hitting the ball python.
You headbutt the ball python.
You kill the ball python!
You block the ogre's attack.
You sock the ogre!
The ogre is moderately wounded.
The ogre hits you with a +0 giant spiked club.
You thump the ogre!
The ogre is severely wounded.
The ogre closely misses you.
You hit the ogre but do no damage.
The ogre is severely wounded.
The ogre hits you with a +0 giant spiked club!!
* * * LOW HITPOINT WARNING * * *
You hit the ogre.
The ogre is almost dead.
The ogre closely misses you.
You hit the ogre.
The ogre is almost dead.
The ogre hits you with a +0 giant spiked club!!
You die...

...#.. .. ...... #..
.....##.... .##
.......... ....
##.......## .#...
.....#..#.##...# ....
#...O.......# ##......
#...@......# #... ...
##.......#.###.. #..
#.###.....##..####.. ...
#..........##.... ..#
#...#####..##.... .≈≈.
#.#### ##........
.≈≈.####.##.###........#
..≈......<........##....
.≈##.#.#.........#.....


You could see an ogre.

Vanquished Creatures
  An orc priest (D:4)
  A jelly (D:3)
  An orc wizard (D:4)
  A gnoll (D:1)
  An adder (D:3)
  An ufetubus (D:3)
  An adder skeleton (D:2)
  4 dart slugs
  3 orcs
  4 ball pythons
  6 endoplasms
  A giant cockroach (D:3)
  2 goblins
  10 hobgoblins
  3 jackals (D:2)
  6 kobolds
  A quokka (D:3)
  A bat (D:1)
  7 frilled lizards
  6 rats
61 creatures vanquished.

Notes
Turn   | Place    | Note
-------+----------+-------------------------------------------
     0 | D:1      | pkoi the Minotaur Fighter began the quest for the Orb.
     0 | D:1      | Reached XP level 1. HP: 19/19 MP: 0/0
    43 | D:1      | Reached XP level 2. HP: 2/27 MP: 1/1
   840 | D:1      | Reached XP level 3. HP: 26/33 MP: 2/2
  1812 | D:2      | Noticed Sigmund
  1919 | D:3      | Reached XP level 4. HP: 37/40 MP: 3/3
  1965 | D:3      | Found a faded altar of an unknown god.
  2458 | D:4      | Reached XP level 5. HP: 26/47 MP: 4/4
  2497 | D:4      | Noticed Natasha
  2691 | D:4      | Noticed an ogre
  2701 | D:4      | Slain by an ogre

Illustrated notes

Levels and vault maps discovered:
D:1:      lemuel_arrival_broad_hall, layout_loops_corners, serial_forest,
          infiniplex_forest_clump_curved, infiniplex_forest_end_2,
          infiniplex_forest_pool, infiniplex_forest_lined_3
D:2:      layout_basic, uniq_sigmund, uniq_terence
D:3:      layout_basic, basic_ecumenical_altar
D:4:      layout_cave_pools, chequers_serial_rivers_small_a, uniq_natasha

Skill      XL: |  1  2 |
---------------+-------+-----
Shields        | 4 |  4.8
Fighting       | 4 |  4.8
Armour         | 4 |  4.8
Maces & Flails | 3 |  3.9

Action                   |  1- 3 |  4- 6 || total
-------------------------+-------+-------++-------
Melee: Flail             |   100 |    47 ||   147
       Headbutt          |    12 |     9 ||    21
  Use: Scroll            |       |     4 ||     4
Armor: Scale mail        |    32 |    27 ||    59
Dodge: Dodged            |    20 |    17 ||    37
Block: Kite shield       |    51 |    29 ||    80
